 Dungeon Sprint DCSS version 0.30.1-4-g462c640d31 (webtiles) character file.

Game seed: 3485071006151242658

25 Heoruswealwe the Covert (level 2, -13/14 HPs)
             Began as a Spriggan Artificer on Aug 30, 2023.
             Mangled by an ogre
             ... wielding a +0 giant club
              (27 damage)
             ... in the Dungeon (Sprint I: "Red Sonja").
             The game lasted 00:01:37 (20 turns).

Heoruswealwe the Covert (Spriggan Artificer)          Turns: 20, Time: 00:01:37

Health: -13/14     AC:  2    Str:  8    XL:     2   Next: 82%
Magic:  3/3        EV: 17    Int: 12    God:
Gold:   0          SH:  0    Dex: 15    Spells: 1/1 levels left

rFire   . . .        a - +2 dagger (vamp)
rCold   . . .        (no shield)
rNeg    . . .        c - +0 robe
rPois   .            (helmet restricted)
rElec   .            (no cloak)
rCorr   .            (gloves unavailable)
SInv    +            (boots unavailable)
Will    .....        (no amulet)
Stlth   ++++         (no ring)
HPRegen 0.22/turn    (no ring)
MPRegen 0.08/turn

%: no teleportation
@: very quick
A: very small, no large weapons, unfitting armour, see invisible, speed 3
a: no special abilities


You were in the Dungeon.
You visited 1 branch

Inventory:

Hand Weapons
 a - a +2 vampiric dagger (weapon)
Armour
 c - a +0 robe (worn)
Wands
 b - a wand of flame (15) (quivered)
 d - a wand of charming (15)
 e - a wand of iceblast (2)
 l - a wand of paralysis (10)
Scrolls
 k - a scroll of blinking
Potions
 f - a potion of curing
 g - a potion of heal wounds
 h - a potion of haste
 j - a potion of berserk rage


   Skills:
 - Level 0.7 Fighting
 - Level 3.2 Dodging
 + Level 9.1 Stealth
 - Level 4.0 Evocations


You had one spell level left.
You didn't know any spells.
Your spell library was empty.

Dungeon Overview and Level Annotations

Branches:
Dungeon (1/1)

Altars:


Innate Abilities, Weirdness & Mutations

You are very small and have problems with some larger weapons.
You are too small for most types of armour.
You have supernaturally acute eyesight. (SInv)
You cover ground extremely quickly. (Speed+++)


Message History

Press: ? - help, Shift-Dir - straight line, f - Ijyb
Aim: Ijyb, wielding a +2 vampiric dagger, wearing a +0 leather armour and carrying a wand of paralysis (10)
The mass of ice explodes!
The iceblast engulfs Ijyb.
Ijyb is lightly wounded.
Aiming: Iceblast
Press: ? - help, Shift-Dir - straight line, f/p - Ijyb
Aim: Ijyb, wielding a +2 vampiric dagger, wearing a +0 leather armour and carrying a wand of paralysis (10) (lightly wounded)
The mass of ice explodes!
The iceblast engulfs Ijyb!
Ijyb is heavily wounded.
Aiming: Iceblast
Press: ? - help, Shift-Dir - straight line, f/p - Ijyb
Aim: Ijyb, wielding a +2 vampiric dagger, wearing a +0 leather armour and carrying a wand of paralysis (10) (heavily wounded)
The mass of ice explodes!
The iceblast engulfs Ijyb!
You kill Ijyb!
Your Stealth skill gained 8 levels and is now at level 9!
You have reached level 2!
l - a wand of paralysis (10)
Things that are here:
a +2 vampiric dagger; a +0 leather armour
m - a +2 vampiric dagger Adjust (i)tems, (s)pells, or (a)bilities?
m - a +2 vampiric dagger Adjust to which letter? (? for menu, Esc to quit)
a - a +2 vampiric dagger;
m - a +0 club (weapon)
You feel a sense of dread.
a - a +2 vampiric dagger (weapon)
You drop a +0 club.
Adjust (i)tems, (s)pells, or (a)bilities?
b - a +0 robe (worn)
Adjust to which letter? (? for menu, Esc to quit)
c - a +0 robe (worn);
b - a wand of flame (15) (quivered)
You drop 2 potions of magic.
There is an open door here.
You open the door.
An ogre comes into view. It is wielding a +0 giant club.
There is an open door here.
The ogre shouts!
The ogre hits you with a +0 giant club!!
Ouch! That really hurt!
You die...

##########
#<.#..'@.#
#..'..#.O+
#.!#####+#
#..# #..#
#..# #⌠⌠#
####


You could see an ogre.

Vanquished Creatures
  Ijyb (D)
1 creature vanquished.

Notes
Turn   | Place    | Note
-------+----------+-------------------------------------------
     0 | D        | Heoruswealwe the Spriggan Artificer began the quest for the
                  | Orb.
     0 | D        | Reached XP level 1. HP: 9/9 MP: 2/2
     1 | D        | Noticed Ijyb
     7 | D        | Killed Ijyb
     8 | D        | Reached skill level 9 in Stealth
     8 | D        | Reached XP level 2. HP: 14/14 MP: 3/3
    18 | D        | Noticed an ogre
    20 | D        | Mangled by an ogre

Illustrated notes

Levels and vault maps discovered:
D:        dungeon_sprint_1 [red_sonja_temple_1, red_sonja_temple_small_1]

Skill      XL: |  1 |
---------------+----+-----
Stealth        | 9 |  9.1
Fighting       | |  0.7
Dodging        | |  3.2
Evocations     | |  4.0

Action                     || total
---------------------------++-------
  Evoke: Wand              ||     3
